 Dungeon Crawl Stone Soup version 0.21.1-1-g345015fe64 (webtiles) character file.

116 KleinerIrrer the Chopper (level 5, 0/32 HPs)
             Began as a Gargoyle Fighter on Apr 4, 2018.
             Slain by DildoBatman's ghost (1 damage)
             ... on level 3 of the Dungeon.
             The game lasted 00:00:45 (2586 turns).

KleinerIrrer the Chopper (Gargoyle Fighter)         Turns: 2586, Time: 00:00:46

Health: 0/32       AC: 15    Str: 18 (20) XL:     5   Next: 0%
Magic:  5/5        EV:  7    Int:  8 (9)  God:
Gold:   119        SH:  8    Dex:  8 (9)  Spells: 4/4 levels left

rFire    . . .     SeeInvis .   Y - +0 war axe
rCold    . . .     Gourm    .   c - +0 shield
rNeg     + . .     Faith    .   b - +0 scale mail
rPois    ∞         Spirit   .   i - +1 helmet
rElec    +         Reflect  .   k - +0 cloak
rCorr    .         Harm     .   (no gloves)
MR       .....                  n - +0 pair of boots
Stlth    ..........             (no amulet)
HPRegen  0.10/turn              (no ring)
MPRegen  0.09/turn              (no ring)

@: about to teleport
A: negative energy resistance 1, electricity resistance, unbreathing,
petrification resistance, rot immunity, AC +4
a: no special abilities


You were on level 3 of the Dungeon.
You were not hungry.

You visited 1 branch of the dungeon, and saw 3 of its levels.

You collected 119 gold pieces.


Innate Abilities, Weirdness & Mutations

You are resistant to torment.
Your stone body is resilient. (AC +4)
You are immune to poison.
You resist negative energy. (rN+)
You are resistant to electric shocks. (rElec)
You can survive without breathing.
You are immune to petrification.
You are immune to rotting.


   Skills:
 - Level 3.2 Fighting
 + Level 4.5 Axes
 - Level 3.2 Armour
 - Level 3.2 Shields


You had 4 spell levels left.
You didn't know any spells.

Inventory:

Hand Weapons
 g - a +0 flail
 Y - a +0 war axe (weapon)
Missiles
 r - a tomahawk (quivered)
Armour
 b - a +0 scale mail (worn)
 c - a +0 shield (worn)
 i - a +1 helmet (worn)
 k - a +0 cloak (worn)
 n - a +0 pair of boots (worn)
Scrolls
 a - a scroll of remove curse
 j - a scroll of noise {unknown}
 o - a scroll of identify
Potions
 d - 3 potions of might
 e - a potion of curing {unknown}
 l - a potion of heal wounds {unknown}
 m - a potion of flight {unknown}
 p - a potion of magic {unknown}
Comestibles
 f - 7 rations
 h - 7 chunks of flesh

Dungeon Overview and Level Annotations

Branches:
Dungeon (3/15)

Altars:
Gozag
Ru

Annotations:
D:3 DildoBatman's ghost, amateur FoEn


Message History

You feel less confused. DildoBatman's ghost hits you.
You closely miss DildoBatman's ghost. DildoBatman's ghost hits you!
You hit DildoBatman's ghost but do no damage.
DildoBatman's ghost hits you but does no damage.
DildoBatman's ghost barely misses you.
Your scale mail prevents you from hitting DildoBatman's ghost.
You closely miss the leopard gecko. You block the leopard gecko's attack.
The leopard gecko bites you. DildoBatman's ghost hits you!
2585 ||| READING scroll of teleportation.
As you read the scroll of teleportation, it crumbles to dust.
You feel strangely unstable. You block the leopard gecko's attack.
DildoBatman's ghost hits you but does no damage.
You barely miss DildoBatman's ghost. You closely miss the leopard gecko.
The leopard gecko bites you but does no damage.
DildoBatman's ghost hits you.
You die...

#........ .........
#..........
#.......... #
#.......... .
#.##..........
...#.#lW.........
.......@.........
.###.#........... .
#.##..(....... ...
#....#.#......
.....####...# .##.#
............##.##[#
..(..###...........
...
#................#
#
#.%..............#


You could see DildoBatman's ghost and a leopard gecko.

Vanquished Creatures
  3 adders (D:2)
  A gnoll (D:1)
  3 worms
  2 dart slugs
  A leopard gecko (D:1)
  3 giant cockroaches
  3 hobgoblins
  9 jackals
  A quokka (D:2)
  A ball python (D:2)
  6 bats
  4 frilled lizards
  9 goblins
  5 kobolds
  19 rats
70 creatures vanquished.

Notes
Turn   | Place    | Note
-------+----------+-------------------------------------------
     0 | D:1      | KleinerIrrer the Gargoyle Fighter began the quest for the Orb.
     0 | D:1      | Reached XP level 1. HP: 14/14 MP: 1/1
     0 | D:1      | 0 ||| counter = 51
    39 | D:1      | Reached skill level 2 in Axes
    48 | D:1      | Reached XP level 2. HP: 19/19 MP: 2/2
    85 | D:1      | Reached skill level 3 in Axes
   351 | D:1      | Reached XP level 3. HP: 19/23 MP: 3/3
  1248 | D:1      | 1248 ||| UPGRADING to runed helmet.
  1253 | D:1      | 1253 ||| UPGRADING to cloak.
  1258 | D:1      | 1258 ||| UPGRADING to pair of boots.
  1263 | D:1      | 1263 ||| READING scroll labeled WUCOBR OCUREU.
  1264 | D:1      | 1264 ||| READING scroll labeled QIROFOESTR BAFOUC.
  1265 | D:1      | 1265 ||| READING scroll labeled VELOMUMOOR.
  1266 | D:1      | 1266 ||| READING scroll labeled HYSUOTU CEFEAJ.
  1270 | D:1      | 1270 ||| READING scroll labeled WOS GINOEDI.
  1271 | D:1      | 1271 ||| DRINKING 2 sedimented blue potions.
  1272 | D:1      | 1272 ||| DROPPING potion of invisibility.
  1310 | D:2      | 1310 ||| UPGRADING to flail.
  1311 | D:2      | 1311 ||| SWAPPING to +0 war axe.
  1350 | D:2      | 1350 ||| STAIRDANCE
  1397 | D:2      | 1397 ||| STAIRDANCE
  1496 | D:2      | Reached XP level 4. HP: 28/28 MP: 4/4
  1565 | D:2      | Found an opulent altar of Gozag.
  1609 | D:2      | Reached skill level 4 in Axes
  2378 | D:2      | 2378 ||| DRINKING 2 fizzy orange potions.
  2379 | D:2      | 2379 ||| DROPPING potion of degeneration.
  2504 | D:3      | Found a sacrificial altar of Ru.
  2553 | D:3      | Reached XP level 5. HP: 32/32 MP: 5/5
  2573 | D:3      | Noticed DildoBatman's ghost (amateur FoEn)
  2584 | D:3      | HP: 5/32 [DildoBatman's ghost (8)]
  2585 | D:3      | 2585 ||| READING scroll of teleportation.
  2586 | D:3      | HP: 1/32 [DildoBatman's ghost (3)]
  2586 | D:3      | Slain by DildoBatman's ghost

Vault maps used:
D:1:      erik_arrival_orb_chamber
D:2:      lemuel_doored_altar, first_ration, minmay_misc_feat_tower,
          feat_on_display
D:3:      makhleb_heckhound_becter, nicolae_ru_path_of_blood

Skill      XL: |  1  2  3  4 |
---------------+-------------+-----
Axes           | 2 3 4 |  4.5
Fighting       | |  3.2
Armour         | |  3.2
Shields        | |  3.2

Action                   |  1- 3 |  4- 6 || total
-------------------------+-------+-------++-------
Melee: War axe           |   142 |    91 ||   233
Throw: Tomahawk          |     8 |     7 ||    15
  Use: Scroll            |     5 |     1 ||     6
       Potion            |     1 |     1 ||     2
 Stab: Invisible         |     1 |       ||     1
  Eat: Chunk             |     2 |     4 ||     6
Armor: Scale mail        |    89 |    30 ||   119
Dodge: Dodged            |    50 |    20 ||    70
Block: Shield            |    77 |    39 ||   116

Table legend:
 A = Spawn XP
 B = Non-spawn XP
 C = Spawn XP percentage of total XP
 D = Spawn monster count
 E = Non-spawn monster count
 F = Spawn count percentage of total count
 G = Total turns spent on level
                    A         B        C        D         E        F      G
               +---------+---------+-------+---------+---------+-------+---------
         Total |       0 |     166 |   0.0 |       0 |      70 |   0.0 |  2586
               +---------+---------+-------+---------+---------+-------+---------
           D:1 |       0 |      70 |   0.0 |       0 |      38 |   0.0 |  1392
           D:2 |       0 |      83 |   0.0 |       0 |      26 |   0.0 |  1007
           D:3 |       0 |      13 |   0.0 |       0 |       6 |   0.0 |   187
               +---------+---------+-------+---------+---------+-------+---------
